 Dungeon Crawl Stone Soup version 0.18-a0-1203-gbde16db (webtiles) character file.

373 Shaidar413 the Ducker (level 6, -2/62 HPs)
             Began as a Troll Berserker on Jan 31, 2016.
             Was a Priest of Trog.
             Hit by a tomahawk thrown by an orc (3 damage)
             ... on level 3 of the Dungeon.
             The game lasted 00:08:11 (1632 turns).

Shaidar413 the Ducker (Troll Berserker)             Turns: 1632, Time: 00:08:12

Health: -2/62      AC:  5    Str: 28    XL:     6   Next: 43%
Magic:  5/5        EV: 11    Int:  3    God:    Trog [***...]
Gold:   57         SH:  0    Dex:  9    Spells: 0 memorised, 5 levels left

rFire  . . .     SeeInvis .       - Unarmed
rCold  . . .     Gourm    +     a - +0 animal skin
rNeg   . . .     Faith    .     (no shield)
rPois  .         Spirit   .     (helmet restricted)
rElec  .         Dismiss  .     (no cloak)
rCorr  .         Reflect  .     (gloves unavailable)
SustAt .         Harm     .     (boots unavailable)
MR     .....                    (no amulet)
Stlth  +.........               (no ring)
                                (no ring)

@: slowed, very slow, not resistant to hostile enchantments, very unstealthy
A: unfitting armour, claws 3, fast metabolism 3, gourmand, regeneration 2,
shaggy fur 1, tough skin 2
a: Berserk, Trog's Hand, Burn Spellbooks, Renounce Religion


You were on level 3 of the Dungeon.
You worshipped Trog.
Trog was most pleased with you.
You were full.

You visited 1 branch of the dungeon, and saw 3 of its levels.

You collected 57 gold pieces.

Inventory:

Armour
 a - a +0 animal skin (worn)
Scrolls
 c - a scroll of enchant weapon {unknown}
 d - 2 scrolls of blinking {unknown}
 e - 2 scrolls of teleportation {unknown}
 f - a scroll of fear {unknown}
 i - 2 scrolls of recharging {unknown}
 j - a scroll of remove curse {unknown}
 k - 2 scrolls of identify {unknown}
 o - a scroll of magic mapping {unknown}
Potions
 g - 2 potions of agility {unknown}
 h - a potion of curing {unknown}
 l - a potion of flight {unknown}
Comestibles
 b - 3 bread rations
 m - a meat ration


   Skills:
 + Level 3.6 Fighting
 + Level 4.3 Dodging
 + Level 0.9 Stealth
 + Level 4.3 Unarmed Combat


You had 5 spell levels left.
You didn't know any spells.

Dungeon Overview and Level Annotations

Branches:
Dungeon (3/15)

Altars:
Ru


Innate Abilities, Weirdness & Mutations

You are too large for most types of armour.
You have claws for hands.
Your metabolism is lightning-fast.
You like to eat raw meat.
You heal very quickly.
You are covered in fur (AC +1).
You have very tough skin (AC +2).


Message History

The orc barely misses you. The orc hits you but does no damage.
You claw the orc!
You kill the orc!
Trog accepts your kill.
The orc hits you from afar with a trident!
* * * LOW HITPOINT WARNING * * *
The orc throws a tomahawk.
The tomahawk hits you.
* * * LOW HITPOINT WARNING * * *
The orc hits you with a trident!
* * * LOW HITPOINT WARNING * * *
The orc barely misses you. x3
Items here: ))))))))) ? [[[[[ †††† You feel less exhausted.
The orc throws a tomahawk.
The tomahawk hits you.
* * * LOW HITPOINT WARNING * * *
The orc hits you from afar with a trident.
* * * LOW HITPOINT WARNING * * *
You see here 2 tomahawks.
The orc throws a tomahawk.
The tomahawk hits you.
You die...

#######
.......
.......
.......
#####.......
###(@()o......
#..<###o......
......###
#.####. ######
... ..# ..# .#
.#


You could see 2 orcs.

Vanquished Creatures
  The ghost of PeterLawrence the Cudgeler, an amateur GrFi (D:3)
  4 orc wizards (D:3)
  Ijyb (D:2)
  Jessica (D:2)
  3 adders
  3 gnolls (D:2)
  8 orcs (D:3)
  3 giant cockroaches (D:1)
  9 goblins
  10 hobgoblins
  7 jackals (D:1)
  7 kobolds
  2 ball pythons
  8 bats
  7 rats
  A plant (D:2)
75 creatures vanquished.

Vanquished Creatures (others)
  A fungus (D:2)
1 creature vanquished.

Grand Total: 76 creatures vanquished

Notes
Turn   | Place    | Note
--------------------------------------------------------------
     0 | D:1      | Shaidar413 the Troll Berserker began the quest for the Orb.
     0 | D:1      | Reached XP level 1. HP: 22/22 MP: 0/0
   134 | D:1      | Reached XP level 2. HP: 29/29 MP: 1/1
   307 | D:1      | Reached ** piety under Trog
   553 | D:1      | Reached XP level 3. HP: 33/36 MP: 2/2
   940 | D:2      | Noticed Jessica
   948 | D:2      | Killed Jessica
   948 | D:2      | Reached XP level 4. HP: 43/45 MP: 3/3
  1169 | D:2      | Noticed Ijyb
  1182 | D:2      | Killed Ijyb
  1182 | D:2      | Reached XP level 5. HP: 53/53 MP: 4/4
  1263 | D:2      | Found a sacrificial altar of Ru.
  1570 | D:3      | Noticed PeterLawrence's ghost (amateur GrFi)
  1584 | D:3      | Killed PeterLawrence's ghost
  1584 | D:3      | Reached skill level 4 in Unarmed Combat
  1586 | D:3      | Reached *** piety under Trog
  1598 | D:3      | Reached XP level 6. HP: 28/61 MP: 5/5
  1630 | D:3      | HP: 2/62 [orc/trident (8)]
  1632 | D:3      | Hit by a tomahawk thrown by an orc

Vault maps used:
D:1:      dpeg_arrival_houses_and_road
D:2:      nicolae_ru_the_path_less_chosen, uniq_iyjb, uniq_jessica
D:3:      first_bread

Action                   |  1- 3 |  4- 6 || total
-------------------------+-------+-------++-------
Melee: Unarmed           |   122 |   105 ||   227
Invok: Berserk           |       |     1 ||     1
 Stab: Sleeping          |     1 |     1 ||     2
  Eat: Chunk             |    14 |     5 ||    19
